 Dungeon Crawl Stone Soup version 0.27.1-3-gb3d3a73c9e (webtiles) character file.

Game seed: 13676226334361553772

125 karkarkar the Covered (level 4, -1/40 HPs)
             Began as a Minotaur Fighter on Oct 17, 2021.
             Slain by an iguana (8 damage)
             ... on level 4 of the Dungeon.
             The game lasted 00:04:25 (2319 turns).

karkarkar the Covered (Minotaur Fighter)            Turns: 2319, Time: 00:04:25

Health: -1/40      AC:  7    Str: 21    XL:     4   Next: 82%
Magic:  3/3        EV:  8    Int:  5    God:
Gold:   80         SH:  9    Dex: 10    Spells: 3/3 levels left

rFire    . . .     SeeInvis +   g - +0 hand axe (freeze)
rCold    . . .     Faith    .   c - +0 kite shield
rNeg     . . .     Spirit   .   b - +0 scale mail
rPois    .         Reflect  .   (helmet restricted)
rElec    .         Harm     .   (no cloak)
rCorr    .         Rampage  .   (no gloves)
Will     +....                  (no boots)
Stlth    ..........             (no amulet)
HPRegen  0.13/turn              m - ring of willpower
MPRegen  0.08/turn              h - ring of see invisible

@: no status effects
A: horns 2, retaliatory headbutt
a: no special abilities


You were on level 4 of the Dungeon.
You visited 1 branch of the dungeon, and saw 4 of its levels.

You collected 80 gold pieces.

Inventory:

Hand Weapons
 a - a +0 war axe
 g - a +0 hand axe of freezing (weapon)
Armour
 b - a +0 scale mail (worn)
 c - a +0 kite shield (worn)
Jewellery
 f - a +6 ring of strength
 h - a ring of see invisible (right hand)
 m - a ring of willpower (left hand)
Scrolls
 i - a scroll of fog {unknown}
 n - a scroll of enchant armour {unknown}
 q - 2 scrolls of teleportation
Potions
 d - a potion of might
 e - a potion of ambrosia {unknown}
 j - a potion of haste {unknown}
 k - a potion of magic {unknown}
 l - a potion of invisibility {unknown}
 o - a potion of attraction {unknown}
 p - 2 potions of cancellation
 r - 2 potions of flight {unknown}
 s - a potion of curing {unknown}


   Skills:
 + Level 4.2 Fighting
 + Level 3.9 Axes
 + Level 4.6 Armour
 * Level 1.8 Dodging
 - Level 4.0 Shields


You had 3 spell levels left.
You didn't know any spells.
Your spell library contained the following spells:

 Spells                   Type           Power      Damage    Failure   Level
 Tukima's Dance           Hex            0%         N/A       100%        3
 Cause Fear               Hex            0%         N/A       100%        4
 Passage of Golubria      Tloc           N/A        N/A       100%        4
 Yara's Violent Unravell  Hex/Tmut       0%         3d3       100%        5
 Dragon Form              Tmut           0%         N/A       100%        7
 Dragon's Call            Summ           0%         N/A       100%        9


Dungeon Overview and Level Annotations

Branches:
Dungeon (4/15)
 Temple: D:4-7

Altars:
Trog

Shops:
D:2 !:   D:4 =:

Annotations:
D:4 1 runed translucent door


Innate Abilities, Weirdness & Mutations

You have a pair of horns on your head.
You reflexively headbutt those who attack you in melee.


Message History

An iguana comes into view.
The iguana hisses angrily.
The orc wizard points at you and mumbles some strange words.
The magic dart hits you.
You closely miss the orc wizard.
You headbutt the orc wizard, but do no damage.
You block the orc wizard's attack. The orc wizard barely misses you.
You furiously retaliate!
You headbutt the orc wizard! You hit the orc wizard. You freeze the orc wizard.
You kill the orc wizard!
Things that are here:
a +0 dagger; a +0 robe The iguana bites you!
You are too injured to fight recklessly!
You are too injured to fight recklessly!
You are too injured to fight recklessly!
You are too injured to fight recklessly!
You hit the iguana but do no damage. Your headbutt misses the iguana.
You block the iguana's attack.
You hit the iguana but do no damage.
The iguana bites you but does no damage.
The iguana bites you.
You hit the iguana but do no damage. You block the iguana's attack.
You hit the iguana but do no damage.
You headbutt the iguana, but do no damage.
You block the iguana's attack.
You hit the iguana but do no damage. You block the iguana's attack.
The iguana bites you!
* * * LOW HITPOINT WARNING * * *
You hit the iguana.
The iguana seems to slow down.
You freeze the iguana.
The iguana is moderately wounded.
The iguana bites you.
* * * LOW HITPOINT WARNING * * *
You hit the iguana. You freeze the iguana.
The iguana is heavily wounded.
The iguana completely misses you.
You hit the iguana.
The iguana seems to slow down.
You freeze the iguana.
The iguana is almost dead.
The iguana bites you!
You die...

#+#.#.∩.#########.
#.#............. .
#.#####..######
#......#.#### #
#...........# #≈
#.).........# #≈≈
#.))........#
###+##)..#########
#....l@..#
#........†...#
#............#
......###.....#
...... #.....#
...... #[......
...... #.....#.#
..... #...###+#


You could see an iguana (slow).

Vanquished Creatures
  An orc wizard (D:4)
  A howler monkey skeleton (D:3)
  3 adders
  A dart slug (D:3)
  5 orcs
  3 ball pythons
  6 bats
  4 endoplasms
  5 giant cockroaches
  5 goblins
  4 hobgoblins
  4 kobolds
  4 quokkas
  2 frilled lizards
  A quokka skeleton (D:4)
  3 rats
52 creatures vanquished.

Notes
Turn   | Place    | Note
-------+----------+-------------------------------------------
     0 | D:1      | karkarkar the Minotaur Fighter began the quest for the Orb.
     0 | D:1      | Reached XP level 1. HP: 19/19 MP: 0/0
    91 | D:1      | Reached XP level 2. HP: 24/27 MP: 1/1
   712 | D:2      | Reached XP level 3. HP: 32/33 MP: 2/2
   729 | D:2      | Found Qeociciqu's Book Shop.
   762 | D:2      | Found Cefab's Distillery.
   920 | D:2      | Found Vaisuttugy's Magic Scroll Shoppe.
  1028 | D:2      | Found a faded altar of an unknown god.
  1411 | D:3      | Reached skill level 1 in Dodging
  1630 | D:3      | Reached XP level 4. HP: 40/40 MP: 3/3
  1678 | D:3      | Found a bloodstained altar of Trog.
  2230 | D:4      | Found Docuteg's Book Shoppe.
  2261 | D:4      | Found Rier's Jewellery Boutique.
  2281 | D:4      | Found a runed translucent door.
  2319 | D:4      | Slain by an iguana

Illustrated notes

Levels and vault maps discovered:
D:1:      wander_arrival_lonely_grave, layout_rooms, minmay_misc_feat_hallway,
          hangedman_decor_lopped, minivault_26, chequers_serial_rivers_micro_c
D:2:      layout_loops_ring, shapermc_ecumenical_altar_petra, serial_shops,
          shop, nicolae_shop_crystal, shop
D:3:      layout_basic, mainiacjoe_overflow_alcove_4, palyth_stone_intersect
D:4:      layout_basic, serial_shops, nicolae_shop_stone, shop, shop,
          nicolae_take_the_stairs, kennysheep_little_box, ebering_ghost_sewer_f

Skill      XL: |  1  2  3 |
---------------+----------+-----
Armour         | 4 |  4.6
Shields        | 4 |  4.0
Fighting       | 4 |  4.2
Axes           | 3 |  3.9
Dodging        | 1 |  1.8

Action                   |  1- 3 |  4- 6 || total
-------------------------+-------+-------++-------
Melee: War axe           |    16 |       ||    16
       Headbutt          |    13 |     5 ||    18
       Hand axe          |    62 |    36 ||    98
  Use: Scroll            |       |     2 ||     2
Armor: Scale mail        |    24 |     6 ||    30
Dodge: Dodged            |    23 |    13 ||    36
Block: Kite shield       |    38 |    19 ||    57
